Map: Bel'Shir Vestige LE (Void)

Players

Strange - Winner!

  • Race: Protoss Protoss
  • League: Grandmaster
  • Spawn Location: 5:00

Railgan

  • Race: Zerg Zerg
  • League: Grandmaster
  • Spawn Location: 11:00

VOD

Have the link to the VOD?

Description

Time

  • Played on: Feb. 27, 2017, 4:50 p.m.
  • Length: 19:10
Show
View Real Time Build Order
Export as new Build Order

Strange Protoss - Winner!

Build Orders: 1 Gate Expand, Oracle Opening 

Get SALT Encoding   

  12  0:00  Probe (Chrono Boost)  
  13  0:11  Probe (Chrono Boost)  
  14  0:19  Pylon  
  14  0:22  Probe (Chrono Boost)  
  15  0:38  Probe (Chrono Boost)  
  15  0:41  Gateway  
  16  0:48  Probe (Chrono Boost)  
  17  0:59  Probe (Chrono Boost)  
  17  1:00  Assimilator  
  18  1:09  Probe (Chrono Boost)  
  19  1:18  Nexus  
  19  1:22  Probe (Chrono Boost)  
  20  1:31  Cybernetics Core  
  20  1:35  Probe (Chrono Boost)  
  21  1:41  Assimilator  
  21  1:45  Probe (Chrono Boost)  
  22  1:50  Pylon  
  22  1:56  Probe (Chrono Boost)  
  23  2:06  Adept  
  24  2:09  Warp Gate  
  24  2:10  Probe (Chrono Boost)  
  26  2:22  Probe (Chrono Boost)  
  27  2:30  Zealot, Probe (Chrono Boost)  
  27  2:34  Stargate, Probe (Chrono Boost)  
  31  2:41  Probe (Chrono Boost)  
  32  2:45  Probe (Chrono Boost)  
  33  2:52  Mothership Core (Chrono Boost)  
  33  2:54  Adept  
  33  2:57  Probe (Chrono Boost)  
  38  3:09  Gateway, Probe (Chrono Boost)  
  38  3:10  Gateway, Probe (Chrono Boost)  
  40  3:16  Oracle  
  43  3:27  Pylon  
  43  3:29  Probe (Chrono Boost)  
  43  3:30  Probe (Chrono Boost)  
  45  3:37  Pylon  
  45  3:39  Probe (Chrono Boost)  
  46  3:44  Gateway  
  46  3:46  Void Ray  
  50  4:04  Probe (Chrono Boost)  
  50  4:06  Probe (Chrono Boost)  
  52  4:12  Assimilator  
  52  4:14  Adept, Assimilator  
  52  4:15  Probe (Chrono Boost)  
  56  4:18  Probe (Chrono Boost)  
  56  4:21  Pylon  
  56  4:22  Sentry  
  58  4:26  Probe (Chrono Boost)  
  58  4:29  Probe (Chrono Boost)  
  60  4:36  Probe (Chrono Boost)  
  61  4:40  Probe (Chrono Boost)  
  61  4:45  Pylon  
  62  4:47  Probe (Chrono Boost)  
  62  4:50  Probe (Chrono Boost)  
  64  4:53  Nexus  
  64  4:55  Pylon  
  64  4:57  Probe (Chrono Boost)  
  64  4:58  Adept x2  
  69  5:01  Probe (Chrono Boost)  
  69  5:05  Sentry  
  71  5:11  Robotics Facility  
  71  5:13  Forge  
  71  5:21  Stargate  
  69  5:34  Phoenix  
  71  5:36  Adept x3  
  77  5:47  Probe x2 (Chrono Boost)  
  79  5:50  Protoss Air Weapons Level 1  
  79  5:51  Pylon  
  79  5:53  Pylon  
  79  5:58  Probe x2 (Chrono Boost), Phoenix  
  79  6:03  Phoenix  
  83  6:09  Observer  
  83  6:10  Probe x2 (Chrono Boost)  
  88  6:13  Protoss Ground Weapons Level 1  
  88  6:14  Probe (Chrono Boost)  
  89  6:19  Phoenix  
  89  6:22  Probe x2 (Chrono Boost)  
  89  6:24  Probe (Chrono Boost)  
  94  6:31  Assimilator  
  94  6:32  Phoenix  
  96  6:33  Assimilator  
  96  6:34  Probe x2 (Chrono Boost)  
  96  6:35  Probe (Chrono Boost)  
  96  6:37  Pylon  
  96  6:38  Pylon  
  99  6:41  Phoenix  
  99  6:46  Probe x2 (Chrono Boost)  
  103  6:48  Probe (Chrono Boost)  
  104  6:55  Zealot  
  104  6:56  Zealot  
  104  6:57  Stalker  
  110  7:06  Photon Cannon  
  110  7:07  Gateway, Photon Cannon, Probe (Chrono Boost)  
  111  7:08  Pylon  
  111  7:11  Pylon  
  111  7:14  Probe (Chrono Boost)  
  111  7:15  Probe (Chrono Boost)  
  113  7:16  Robotics Bay  
  113  7:24  Robotics Facility  
  105  7:52  Extended Thermal Lance  
  105  7:55  Protoss Ground Armor Level 1  
  105  7:59  Colossus  
  105  8:03  Gateway  
  105  8:05  Gateway  
  105  8:06  Twilight Council, Gateway  
  105  8:08  Gateway  
  105  8:09  Gateway  
  105  8:11  Pylon, Colossus  
  117  8:12  Pylon  
  117  8:26  Photon Cannon  
  117  8:27  Zealot  
  119  8:48  Blink  
  119  8:50  Observer  
  119  8:54  Dark Shrine  
  120  9:05  Colossus  
  126  9:15  Colossus  
  126  9:20  Pylon  
  126  9:22  Pylon  
  132  9:26  Robotics Facility  
  132  9:35  Photon Cannon  
  132  9:37  Photon Cannon  
  132  9:39  Protoss Ground Weapons Level 2  
  132  9:45  Photon Cannon  
  132  9:46  Photon Cannon x2  
  132  9:48  Photon Cannon  
  132  9:55  Pylon  
  132  9:59  Immortal  
  135  10:03  Templar Archives  
  135  10:04  Immortal  
  135  10:07  Dark Templar x3  
  135  10:08  Zealot x4, Dark Templar  
  135  10:13  Archon x2  
  155  10:23  Immortal  
  155  10:27  Photon Cannon  
  155  10:28  Photon Cannon  
  159  10:30  Photon Cannon  
  159  10:31  Photon Cannon  
  159  10:33  Photon Cannon  
  159  10:35  Photon Cannon  
  159  10:37  Photon Cannon, Psionic Storm  
  159  10:38  Immortal x2  
  159  10:41  Pylon  
  163  10:44  Pylon  
  167  10:52  High Templar  
  167  10:55  High Templar  
  171  11:06  High Templar  
  173  11:14  High Templar  
  173  11:17  Pylon  
  175  11:18  Pylon  
  175  11:24  Immortal  
  171  11:29  Immortal  
  179  11:40  Oracle  
  182  11:57  Protoss Ground Weapons Level 3  
  182  11:58  Pylon  
  182  12:00  Pylon  
  182  12:02  Pylon  
  182  12:06  Nexus  
  182  12:07  Pylon  
  182  12:11  Archon  
  143  12:25  Immortal  
  131  12:30  Immortal  
  131  12:31  Immortal  
  131  12:36  Stalker x7  
  131  12:37  Probe x2 (Chrono Boost), Stalker x2  
  117  13:18  Immortal  
  117  13:19  Dark Templar x4  
  113  13:23  Immortal  
  113  13:24  Immortal  
  125  13:32  Assimilator  
  125  13:35  Pylon  
  125  13:38  Assimilator  
  125  13:56  Immortal  
  133  14:02  Immortal  
  133  14:03  Observer, Dark Templar x2  
  133  14:04  Dark Templar  
  140  14:16  Zealot x5  
  150  14:32  Fleet Beacon  
  150  14:35  Immortal  
  140  14:40  Immortal  
  148  14:54  High Templar x3  
  148  14:58  Photon Cannon x2  
  148  14:59  Photon Cannon  
  154  15:00  Photon Cannon  
  154  15:02  Photon Cannon  
  154  15:03  Pylon  
  154  15:05  High Templar  
  154  15:07  Sentry  
  156  15:32  Tempest x2  
  168  15:55  Archon  
  168  15:59  Pylon  
  168  16:01  Pylon  
  162  16:13  Tempest x2  
  174  16:19  Dark Templar  
  174  16:20  Dark Templar  
  178  16:27  Archon  
  176  16:33  Photon Cannon  
  176  16:35  Protoss Shields Level 1  
  176  16:53  Dark Templar x4  
  184  16:57  Archon x2  
  184  17:01  Tempest  
  184  17:02  Pylon  
  190  17:13  Zealot x3  
  190  17:14  Zealot x2  
  199  17:29  Dark Templar x2  
  193  17:33  Archon  
  171  18:39  Stalker x5  
  171  18:40  Stalker x4  
Show
View Real Time Build Order
Export as new Build Order

Railgan Zerg 

Build Orders: Hatch First 

Get SALT Encoding   

  12  0:00  Drone  
  13  0:12  Overlord  
  13  0:18  Drone  
  14  0:30  Drone x2  
  16  0:36  Drone  
  17  0:52  Hatchery  
  17  0:55  Drone  
  17  0:59  Drone  
  18  1:09  Extractor  
  17  1:13  Spawning Pool  
  17  1:16  Drone  
  17  1:19  Drone  
  18  1:28  Drone  
  19  1:39  Overlord  
  19  1:52  Drone  
  20  2:01  Drone  
  20  2:02  Queen  
  23  2:11  Queen  
  23  2:12  Drone  
  23  2:13  Drone  
  23  2:14  Metabolic Boost  
  27  2:16  Drone  
  28  2:23  Drone  
  28  2:29  Drone  
  30  2:35  Evolution Chamber  
  30  2:36  Zergling x4  
  31  2:39  Queen  
  31  2:43  Zergling x2  
  34  2:48  Overlord  
  34  2:54  Zergling x2  
  35  3:00  Drone  
  35  3:04  Zerg Melee Weapons Level 1  
  36  3:08  Drone  
  36  3:09  Drone  
  36  3:10  Drone x2  
  36  3:12  Drone  
  41  3:17  Overlord  
  41  3:18  Queen  
  43  3:20  Drone  
  44  3:35  Extractor, Drone x2  
  44  3:36  Drone  
  44  3:37  Lair  
  46  3:45  Drone x2  
  46  3:48  Spore Crawler  
  46  3:50  Spore Crawler  
  45  3:56  Drone x6  
  51  4:04  Overlord  
  51  4:08  Overlord  
  51  4:12  Overlord  
  51  4:13  Extractor  
  50  4:18  Drone  
  51  4:25  Drone x3  
  51  4:27  Extractor  
  53  4:43  Infestation Pit  
  53  4:44  Queen x2  
  56  4:48  Overlord  
  56  4:51  Drone  
  56  4:52  Drone x2  
  57  4:57  Zergling x2  
  57  4:58  Zergling x10  
  62  5:07  Overlord  
  62  5:13  Drone x2  
  63  5:21  Drone  
  64  5:35  Zerg Melee Weapons Level 2, Pathogen Glands  
  64  5:36  Burrow  
  64  5:39  Hatchery  
  64  5:42  Roach Warren  
  61  5:43  Zergling x18  
  70  5:52  Overlord  
  69  6:05  Drone  
  69  6:07  Baneling Nest  
  69  6:23  Infestor x4  
  77  6:27  Overlord  
  77  6:28  Hive  
  77  6:33  Drone  
  77  6:34  Drone x4  
  82  6:40  Neural Parasite  
  82  6:42  Overlord  
  80  6:55  Drone x8  
  89  7:01  Drone  
  89  7:03  Extractor, Spore Crawler  
  89  7:04  Extractor  
  89  7:08  Overlord  
  86  7:11  Centrifical Hooks  
  86  7:13  Infestor  
  86  7:14  Evolution Chamber  
  86  7:15  Drone x5  
  92  7:23  Drone  
  93  7:42  Drone x8  
  93  7:44  Infestor x3  
  101  7:46  Drone x3  
  110  7:58  Overlord  
  110  8:00  Zergling x2  
  111  8:08  Overlord  
  111  8:10  Ultralisk Cavern  
  111  8:11  Hatchery  
  111  8:12  Zerg Missile Weapons Level 1, Zerg Ground Armor Level 1  
  109  8:15  Zergling x2  
  109  8:16  Zergling x8  
  109  8:19  Hydralisk Den  
  113  8:25  Overlord x2  
  113  8:26  Hatchery  
  110  8:38  Overlord  
  108  8:47  Hydralisk x6  
  120  8:50  Muscular Augments  
  120  8:51  Zergling x2  
  120  8:52  Zergling x16  
  129  9:00  Chitinous Plating  
  127  9:06  Zergling x12  
  133  9:18  Ultralisk x2  
  145  9:31  Overlord x2, Ultralisk  
  151  9:34  Zergling x10  
  151  9:37  Overseer x2  
  156  9:53  Ultralisk  
  156  9:59  Overlord  
  160  10:06  Zerg Melee Weapons Level 3  
  160  10:16  Ultralisk  
  166  10:21  Zergling x2  
  166  10:22  Zergling x14  
  166  10:23  Extractor, Spore Crawler  
  166  10:24  Extractor  
  166  10:26  Zerg Ground Armor Level 2  
  171  10:31  Baneling x3  
  171  10:33  Zergling x4  
  170  10:43  Drone  
  170  10:45  Drone  
  170  10:46  Drone  
  170  10:47  Drone x2, Overlord  
  175  10:55  Ultralisk  
  181  11:00  Ultralisk  
  181  11:01  Baneling x2  
  181  11:02  Baneling x4  
  187  11:08  Zergling x8  
  186  11:41  Spire  
  186  11:43  Lurker Den  
  185  11:52  Overlord  
  185  11:54  Ultralisk x2  
  197  11:56  Baneling x12  
  157  12:17  Hydralisk x3  
  157  12:19  Hydralisk x4  
  133  12:25  Hydralisk, Ultralisk  
  133  12:26  Ultralisk  
  133  12:27  Zergling x12  
  141  12:34  Zergling x2  
  141  12:35  Zergling x32  
  158  12:42  Ultralisk, Zergling x2  
  165  12:44  Zergling x4  
  165  12:49  Ultralisk  
  169  13:00  Zergling x2  
  169  13:01  Hydralisk  
  169  13:02  Zergling x2  
  148  13:07  Zergling x8  
  148  13:08  Hydralisk  
  148  13:09  Hydralisk  
  148  13:11  Zergling x2  
  148  13:12  Zergling x4  
  138  13:14  Zergling x4  
  129  13:24  Ultralisk  
  135  13:29  Lurker  
  135  13:30  Lurker  
  135  13:32  Baneling, Lurker  
  135  13:33  Baneling x4, Infestor  
  140  13:34  Drone x2  
  140  13:35  Drone x2  
  140  13:36  Zergling x6  
  140  13:41  Zerg Ground Armor Level 3  
  147  13:45  Overseer, Zergling x4  
  147  13:47  Pneumatized Carapace  
  149  13:54  Zergling x4  
  150  14:06  Ultralisk  
  156  14:10  Zergling x4  
  157  14:19  Ultralisk  
  157  14:20  Corruptor x2  
  167  14:39  Extractor  
  167  14:40  Extractor  
  165  14:46  Overseer  
  164  14:53  Zergling x4  
  162  15:07  Ultralisk x3  
  180  15:15  Zergling x8  
  184  15:23  Hatchery  
  184  15:24  Zergling x2  
  184  15:25  Overlord  
  184  15:26  Overlord  
  184  15:28  Greater Spire  
  184  15:48  Ultralisk x2  
  184  15:49  Zergling x8  
  201  16:01  Hatchery  
  198  16:20  Zerg Missile Weapons Level 2  
  198  16:21  Spine Crawler  
  197  16:33  Spore Crawler  
  192  16:54  Infestor  
  192  16:55  Infestor x2  
  196  17:30  Spine Crawler  
  196  17:32  Spore Crawler  
  196  17:34  Spine Crawler  
  197  17:46  Corruptor  
  196  18:03  Corruptor x5  
  166  18:28  Hydralisk  
  152  18:34  Zergling x10  
  152  18:35  Zergling x14  
  163  18:47  Zergling x6  
Tags
 
Add a new tag
Caveats
  • Supply blocks, unpowered buildings, or Contaminate may cause inaccurate times.
  • Supply counts are checked every 10 seconds.